 Dungeon Crawl Stone Soup version 0.22-a0-448-g1fb7470 (webtiles) character file.

248 galech the Skirmisher (level 6, -2/99 HPs)
             Began as an Ogre Berserker on June 4, 2018.
             Was a Believer of Trog.
             Hit by a tomahawk thrown by an orc (6 damage)
             ... on level 3 of the Dungeon.
             The game lasted 00:03:24 (2444 turns).

galech the Skirmisher (Ogre Berserker)              Turns: 2444, Time: 00:03:25

Health: -2/99      AC:  3    Str: 33    XL:     6   Next: 12%
Magic:  6/6        EV: 11    Int:  8    God:    Trog [**....]
Gold:   96         SH:  3    Dex:  8    Spells: 5/5 levels left

rFire    . . .     SeeInvis .   a - +0 mace
rCold    . . .     Gourm    .   (no shield)
rNeg     . . .     Faith    .   b - +0 animal skin
rPois    .         Spirit   .   (helmet restricted)
rElec    .         Reflect  +   (no cloak)
rCorr    .         Harm     .   (gloves unavailable)
MR       +++..                  (boots unavailable)
Stlth    ..........             m - +3 amulet of reflection
HPRegen  1.26/turn              k - +4 ring of strength
MPRegen  0.10/turn              t - ring of protection from magic

@: berserking, regenerating, very quick
A: large, unfitting armour, tough skin 1
a: Berserk, Trog's Hand, Renounce Religion


You were on level 3 of the Dungeon.
You worshipped Trog.
Trog was pleased with you.
You were very hungry.

You visited 1 branch of the dungeon, and saw 3 of its levels.

You collected 96 gold pieces.

Inventory:

Hand Weapons
 a - a +0 mace (weapon)
 p - a +0 giant spiked club
Armour
 b - a +0 animal skin (worn)
 o - a +0 shield
Jewellery
 k - a +4 ring of strength (left hand)
 m - a +3 amulet of reflection (around neck)
 n - an uncursed ring of wizardry
 t - a ring of protection from magic (right hand)
Scrolls
 d - 4 scrolls of identify {unknown}
 j - 2 scrolls of amnesia {unknown}
 l - 2 scrolls of teleportation {unknown}
 w - a scroll of noise {unknown}
Potions
 e - a potion of brilliance {unknown}
 g - a potion of magic {unknown}
 h - a potion of lignification {unknown}
 i - a potion of degeneration {unknown}
 q - a potion of resistance {unknown}
 r - 2 potions of curing {unknown}
 s - a potion of berserk rage {unknown}
 u - a potion of ambrosia {unknown}
 v - a potion of might {unknown}
Comestibles
 c - 7 rations


   Skills:
 + Level 5.2 Fighting
 + Level 4.6 Maces & Flails
 + Level 3.9 Dodging
 + Level 0.5 Stealth
 + Level 0.1 Shields


You had 5 spell levels left.
You didn't know any spells.
Your spell library was empty.

Dungeon Overview and Level Annotations

Branches:
Dungeon (3/15)

Altars:


Innate Abilities, Weirdness & Mutations

You are too large for most types of armour.
You have tough skin. (AC +1)


Message History

You kill the orc priest!
Trog accepts your kill.
The orc throws a tomahawk.
The tomahawk misses you.
You closely miss the orc priest.
The orc priest mumbles some strange prayers to Beogh against you.
Beogh smites you!
* * * LOW HITPOINT WARNING * * *
You sock the orc priest!
The orc priest is severely wounded.
You hit the orc priest.
You feel the power of Trog in you as your rage grows.
You kill the orc priest!
Trog accepts your kill.
You have reached level 6!
Your experience leads to an increase in your attributes!
Your base attributes are Str 22, Int 8, Dex 8.
Increase (S)trength, (I)ntelligence, or (D)exterity?
You feel stronger. x2
The orc throws a tomahawk.
The tomahawk hits you.
You die...

..............####.##....
##.##....###..## .# ###
#.....####.....# .#
...##.# #.###..# .# #
.#..#.# ##.# #.# .#.#
......# #..# ..#.#.#
....#####.## #.....####
.().###...# ####.......
.#..##..### ###(@)o......
.#..#..## #...###......
##..#.## #.### ....S
#.....# ##.# ....
..##..## #..#####.....P
...#...#####........# ..
.......)......###..... P
......#....#.###......
......#.##.#........ .


You could see an orc.

Vanquished Creatures
  An ogre (D:2)
  2 orc priests (D:3)
  4 adders
  An ooze (D:2)
  2 worms (D:2)
  A dart slug (D:1)
  A leopard gecko (D:2)
  2 orcs (D:3)
  9 bats
  4 giant cockroaches
  7 goblins
  9 hobgoblins
  2 ball pythons (D:1)
  3 frilled lizards
  4 kobolds
  6 rats
58 creatures vanquished.

Notes
Turn   | Place    | Note
-------+----------+-------------------------------------------
     0 | D:1      | galech the Ogre Berserker began the quest for the Orb.
     0 | D:1      | Reached XP level 1. HP: 24/24 MP: 1/1
    93 | D:1      | Reached XP level 2. HP: 29/32 MP: 2/2
   605 | D:1      | Reached XP level 3. HP: 40/40 MP: 3/3
   847 | D:2      | Reached ** piety under Trog
  1023 | D:2      | Noticed an ogre
  1030 | D:2      | Killed an ogre
  1030 | D:2      | Reached XP level 4. HP: 38/49 MP: 4/4
  1030 | D:2      | Reached XP level 5. HP: 43/55 MP: 5/5
  1414 | D:2      | Reached skill level 5 in Fighting
  2442 | D:3      | HP: 2/85 [orc priest/divine providence (12)]
  2444 | D:3      | Reached XP level 6. HP: 3/66 MP: 6/6
  2444 | D:3      | Hit by a tomahawk thrown by an orc

Vault maps used:
D:1:      minmay_arrival_cross
D:2:      wad_crossroads
D:3:      chequers_ecumenical_altar_twisty, yredelemnul_altar_generic

Skill      XL: |  1  2  3  4  5 |
---------------+----------------+-----
Dodging        | 3 |  3.9
Maces & Flails | 3 4 |  4.6
Fighting       | 5 |  5.2
Stealth        | |  0.5
Shields        | |  0.1

Action                   |  1- 3 |  4- 6 || total
-------------------------+-------+-------++-------
Melee: Mace              |    77 |   108 ||   185
Invok: Berserk           |     1 |     2 ||     3
       Trog's Hand       |       |     1 ||     1
  Eat: Chunk             |       |     7 ||     7
Armor: Animal skin       |    29 |    33 ||    62
Dodge: Dodged            |    43 |    63 ||   106
Block: Other             |     4 |     8 ||    12

Table legend:
 A = Spawn XP
 B = Non-spawn XP
 C = Spawn XP percentage of total XP
 D = Spawn monster count
 E = Non-spawn monster count
 F = Spawn count percentage of total count
 G = Total turns spent on level
                    A         B        C        D         E        F      G
               +---------+---------+-------+---------+---------+-------+---------
         Total |       0 |     355 |   0.0 |       0 |      58 |   0.0 |  2444
               +---------+---------+-------+---------+---------+-------+---------
           D:1 |       0 |      36 |   0.0 |       0 |      21 |   0.0 |   788
           D:2 |       0 |     176 |   0.0 |       0 |      22 |   0.0 |  1137
           D:3 |       0 |     143 |   0.0 |       0 |      15 |   0.0 |   519
               +---------+---------+-------+---------+---------+-------+---------
